 Dungeon Crawl Stone Soup version 0.29-a0-418-gc0181ea820 (webtiles) character file.

Game seed: 3018348585537985025

506 happo123 the Ruffian (level 6, -13/61 HPs)
             Began as a Troll Berserker on May 18, 2022.
             Was a Priest of Trog.
             Mangled by an ogre
             ... wielding a +0 giant spiked club
              (25 damage)
             ... on level 5 of the Dungeon.
             The game lasted 00:10:02 (3387 turns).

happo123 the Ruffian (Troll Berserker)              Turns: 3387, Time: 00:10:03

Health: -13/61     AC:  4    Str: 28    XL:     6   Next: 97%
Magic:  5/5        EV: 10    Int:  3    God:    Trog [***...]
Gold:   250        SH:  0    Dex:  9    Spells: 5/5 levels left

rFire   . . .      SeeInvis .     - Unarmed
rCold   . . .      Faith    .   (no shield)
rNeg    . . .      Spirit   .   a - +0 animal skin
rPois   .          Reflect  .   (helmet restricted)
rElec   .          Harm     .   (no cloak)
rCorr   .          Rampage  .   (gloves unavailable)
Will    .....                   (boots unavailable)
Stlth   +.........              (no amulet)
HPRegen 1.00/turn               (no ring)
MPRegen 0.09/turn               (no ring)

@: confused
A: large, unfitting armour, claws 3, regeneration 1, shaggy fur 1, tough skin 1
a: Renounce Religion, Berserk, Trog's Hand


You were on level 5 of the Dungeon.
You worshipped Trog.
Trog was most pleased with you.
You visited 1 branch of the dungeon, and saw 5 of its levels.
You also visited: Sewer.

You collected 250 gold pieces.

Inventory:

Armour
 a - a +0 animal skin (worn)
Jewellery
 f - an amulet of faith
Scrolls
 b - 2 scrolls of enchant weapon {unknown}
 d - 3 scrolls of vulnerability {unknown}
 e - a scroll of torment {unknown}
 g - 3 scrolls of enchant armour {unknown}
 i - 2 scrolls of blinking {unknown}
 k - a scroll of summoning {unknown}
 l - 2 scrolls of brand weapon {unknown}
 n - 3 scrolls of magic mapping {unknown}
 o - 4 scrolls of identify {unknown}
 p - 2 scrolls of teleportation {unknown}
Potions
 c - a potion of brilliance {unknown}
 h - a potion of berserk rage {unknown}
 j - a potion of heal wounds {unknown}
 m - 4 potions of flight
 q - 2 potions of might {unknown}
 r - a potion of haste {unknown}


   Skills:
 + Level 3.2 Fighting
 + Level 4.0 Dodging
 + Level 1.1 Stealth
 + Level 6.0 Unarmed Combat


You had 5 spell levels left.
You didn't know any spells.
Your spell library was empty.

Dungeon Overview and Level Annotations

Branches:
Dungeon (5/15)              Sewer (visited)
 Temple: D:4-7

Altars:

Shops:
D:4 :

Annotations:
D:5 Grinder


Innate Abilities, Weirdness & Mutations

You are too large for most types of armour.
You have claws for hands.
Your natural rate of healing is unusually fast.
You are covered in fur. (AC +1)
You have tough skin. (AC +1)


Message History

The orc wizard shouts! x2
You scratch the orc wizard.
The orc wizard is moderately wounded.
You scratch the orc wizard.
The orc wizard is moderately wounded.
The orc wizard casts a spell at you.
You are confused.
The ogre hits you with a +0 giant spiked club!!
Grinder blinks!
The orc wizard attacks as you move away!
The orc wizard hits you but does no damage. x2
The ogre barely misses you.
You claw the orc wizard!
The orc wizard is severely wounded.
The orc wizard hits you with a +0 dagger.
The orc wizard casts a spell at you. The puff of flame misses you.
You claw the orc wizard!
You kill the orc wizard!
Trog accepts your kill.
Trog appreciates your killing of a magic user.
An ufetubus comes into view.
The ogre closely misses you. The orc wizard misses you.
The orc hits you with a +0 dagger.
Your Unarmed Combat skill increases to level 6!
You closely miss the ogre.
The ufetubus shouts!
The ogre hits you with a +0 giant club!
Grinder blinks!
The orc wizard hits you with a +0 dagger.
* * * LOW HITPOINT WARNING * * *
The orc barely misses you. The orc attacks as you move away!
The orc hits you with a +0 dagger.
* * * LOW HITPOINT WARNING * * *
The orc wizard attacks as you move away!
The orc wizard hits you with a +0 dagger.
* * * LOW HITPOINT WARNING * * *
The ogre barely misses you. The ogre attacks as you move away!
The ogre hits you with a +0 giant spiked club!!
You die...

#.# .# # #5#
.## #. #.# ..
.. #.##.###
#.##.!....
....5.# #....#
##oo#.#.#
#@OO....#
#..............
#####>....#####
......#
.........
.###....### ..
#.#.## ...#


You could see Grinder, 2 ogres, an orc wizard, an orc and an ufetubus.

Vanquished Creatures
  A scorpion (D:4)
  A hound (D:4)
  3 orc wizards
  Natasha (thrice) (D:2)
  7 adders
  4 gnolls (D:3)
  7 river rats
  A worm (Sewer)
  7 orcs
  15 ball pythons
  3 endoplasms
  4 giant cockroaches
  4 hobgoblins
  12 jackals
  5 quokkas
  7 bats
  5 frilled lizards
  6 goblins
  4 kobolds
  8 rats
107 creatures vanquished.

Notes
Turn   | Place    | Note
-------+----------+-------------------------------------------
     0 | D:1      | happo123 the Troll Berserker began the quest for the Orb.
     0 | D:1      | Reached XP level 1. HP: 22/22 MP: 0/0
    98 | D:1      | Reached XP level 2. HP: 29/29 MP: 1/1
  1061 | D:2      | Reached XP level 3. HP: 36/36 MP: 2/2
  1106 | D:2      | Reached ** piety under Trog
  1188 | D:2      | You fall into a shaft and drop 2 floors!
  1382 | D:4      | Found Ijyrogg's Book Boutique.
  1464 | D:4      | Reached skill level 4 in Unarmed Combat
  1464 | D:4      | Reached XP level 4. HP: 44/44 MP: 3/3
  1624 | D:3      | Reached XP level 5. HP: 39/52 MP: 4/4
  1647 | D:3      | Found a glowing drain.
  1651 | Sewer    | Entered a sewer
  1836 | Sewer    | HP: 2/52 [adder (2)]
  1878 | Sewer    | Reached skill level 5 in Unarmed Combat
  2000 | Sewer    | Reached *** piety under Trog
  2345 | D:2      | Noticed Natasha
  2352 | D:2      | Killed Natasha
  2353 | D:2      | Reached XP level 6. HP: 54/61 MP: 5/5
  2453 | D:2      | Noticed Natasha
  2461 | D:2      | Killed Natasha
  2491 | D:2      | Reached skill level 1 in Stealth
  2568 | D:2      | Noticed Natasha
  2573 | D:2      | Killed Natasha
  3379 | D:5      | Entered Level 5 of the Dungeon
  3379 | D:5      | Noticed Grinder
  3385 | D:5      | Reached skill level 6 in Unarmed Combat
  3387 | D:5      | Mangled by an ogre

Illustrated notes

Levels and vault maps discovered:
D:1:      matt_arrival_refuge, layout_basic, serial_forest,
          infiniplex_forest_side_room, infiniplex_forest_clump_cross,
          infiniplex_forest_clump_long, infiniplex_forest_lined_room_2,
          infiniplex_forest_lined_room_, infiniplex_forest_clump_C,
          infiniplex_forest_clump_large, infiniplex_forest_lined_room_,
          minmay_misc_feat_hallway, chequers_hall_statues_wall_a,
          minmay_tromino_i2
D:2:      layout_rooms, minivault_4, minmay_misc_feat_tower, uniq_natasha
D:3:      layout_rooms, gup_sewer_entry_spiral
D:4:      layout_gridville, serial_shops, kennysheep_little_box,
          serial_bayou_crossing
D:5:      layout_loops_ring, uniq_sigmund, uniq_duvessa, uniq_grinder

Skill      XL: |  1  2  3  4  5  6 |
---------------+-------------------+-----
Dodging        | 3 4 |  4.0
Unarmed Combat | 4 5 6 |  6.0
Fighting       | 3 |  3.2
Stealth        | 1 |  1.1

Action                   |  1- 3 |  4- 6 || total
-------------------------+-------+-------++-------
Melee: Unarmed           |    94 |   181 ||   275
       Punch             |     1 |     7 ||     8
Invok: Trog's Hand       |       |     1 ||     1
 Stab: Sleeping          |       |     2 ||     2
Armor: Animal skin       |    34 |    66 ||   100
Dodge: Dodged            |    57 |   128 ||   185

Table legend: (Time is in decaauts)
 A = Elapsed time spent in this place.
 B = Non-inter-level travel time spent in this place.
 C = Inter-level travel time spent in this place.
 D = Time resting spent in this place.
 E = Time spent auto-exploring this place.
 F = Levels seen in this place.
 G = Mean time per level.
                   A        B        C        D        E       F      G
               +--------+--------+--------+--------+--------+-----+--------+
         Total |   3576 |   3301 |    275 |     14 |   2529 |   6 |  596.0 |
       Dungeon |   2870 |   2595 |    275 |      0 |   2085 |   5 |  574.0 |
         Sewer |    706 |    706 |      0 |     14 |    444 |   1 |  706.0 |
               +--------+--------+--------+--------+--------+-----+--------+

Top non-repeatable levels by time:
     D:1: 1031 daAuts
     D:4: 746 daAuts
   Sewer: 706 daAuts
     D:3: 553 daAuts
     D:2: 532 daAuts
     D:5: 7 daAuts
